 Dungeon Crawl Stone Soup version 0.28-a0-413-gde365fb1df (webtiles) character file.

Game seed: 8637054197444178677

490 robertstho the Magician (level 7, -6/49 HPs)
             Began as a Djinni Fire Elementalist on Sept 7, 2021.
             Mangled by Duvessa (9 damage)
             ... on level 5 of the Dungeon.
             The game lasted 00:06:19 (6510 turns).

robertstho the Magician (Djinni Fire Elementalist)  Turns: 6510, Time: 00:06:20

Health: -6/49      AC:  3    Str:  7    XL:     7   Next: 37%
Gold:   332        EV: 12    Int: 18    God:
                   SH:  0    Dex: 14

rFire   + + .      SeeInvis .   k - +0 short sword
rCold   x . .      Faith    .   (no shield)
rNeg    . . .      Spirit   .   a - +0 robe
rPois   ∞          Reflect  .   (no helmet)
rElec   .          Harm     .   (no cloak)
rCorr   .          Rampage  .   d - +0 pair of gloves
Will    .....                   (boots unavailable)
Stlth   ++........              (no amulet)
HPRegen 0.16/turn               (no ring)
MPRegen 0.00/turn               (no ring)

@: mighty, brilliant, flying
A: sickness immunity, fire resistance 2, cold vulnerability 1, float, innate
caster, hp casting, extra vitality 1
a: no special abilities


You were on level 5 of the Dungeon.
You visited 1 branch of the dungeon, and saw 5 of its levels.

You collected 332 gold pieces.

Inventory:

Hand Weapons
 k - a +0 short sword (weapon)
Armour
 a - a +0 robe (worn)
 d - a +0 pair of gloves (worn)
Wands
 p - a wand of paralysis (11)
Scrolls
 f - 2 scrolls of fog
 h - a scroll of brand weapon
 i - 4 scrolls of identify
 l - a scroll of vulnerability {unknown}
 m - a scroll of torment {unknown}
Potions
 b - a potion of lignification {unknown}
 c - a potion of invisibility {unknown}
 e - a potion of berserk rage {unknown}
 j - 2 potions of magic {unknown}


   Skills:
 * Level 2.2 Fighting
 + Level 2.5 Dodging
 + Level 2.8 Stealth
 * Level 5.3 Spellcasting


You couldn't memorise any spells.
You knew the following spells:

 Your Spells              Type           Power      Damage    Failure   Level
a - Foxfire               Conj/Fire      100%       2x1d9     1%          1
b - Scorch                Fire           70%        2d8       2%          2
c - Conjure Flame         Conj/Fire      35%        6-21      4%          3
d - Inner Flame           Hex/Fire       35%        N/A       4%          3
e - Flame Wave            Conj/Fire      35%        3d8       14%         4
f - Shock                 Conj/Air       100%       1d9       1%          1
g - Static Discharge      Conj/Air       35%        N/A       2%          2
h - Swiftness             Air            35%        N/A       4%          3
Your spell library was empty.

Dungeon Overview and Level Annotations

Branches:
Dungeon (5/15)
 Temple: D:4-7

Altars:
Hepliaklqana

Shops:
D:3 :

Annotations:
D:5 Dowan, Duvessa


Innate Abilities, Weirdness & Mutations

You are immune to sickness and miasma.
You are immune to poison.
Your flesh is very heat resistant. (rF++)
You are vulnerable to cold. (rC-)
You float through the air rather than walking.
You learn spells naturally, not from books.
Your magical power is your life essence.
You have superior vitality. (+4 HP)


Message History

Duvessa hits you but does no damage.
Casting: Scorch (safe; 2% risk of failure)
Confirm with . or Enter, or press ? or * to list all spells.
Flames lash Duvessa.
Duvessa is burned terribly!
Duvessa is almost dead.
Duvessa zaps a wand.
The puff of flame hits you. You resist.
Casting: Scorch (safe; 2% risk of failure)
Confirm with . or Enter, or press ? or * to list all spells.
Flames lash Dowan.
Dowan is moderately wounded.
Dowan's fire resistance burns away.
Duvessa is no longer more vulnerable to fire.
Duvessa hits you with a +0 short sword!
* * * LOW HITPOINT WARNING * * *
Casting: Scorch (safe; 2% risk of failure)
Confirm with . or Enter, or press ? or * to list all spells.
Flames lash Duvessa but do no damage.
* * * LOW HITPOINT WARNING * * *
Dowan gestures wildly while chanting.
Dowan blinks!
Duvessa zaps a wand.
The puff of flame hits you. You resist.
* * * LOW HITPOINT WARNING * * *
Casting: Scorch (safe; 2% risk of failure)
Confirm with . or Enter, or press ? or * to list all spells.
Flames lash Duvessa.
Duvessa is almost dead.
Duvessa's fire resistance burns away.
* * * LOW HITPOINT WARNING * * *
You hear an angry hiss.
Duvessa hits you with a +0 short sword.
* * * LOW HITPOINT WARNING * * *
It was a potion of brilliance.
You feel clever all of a sudden.
Dowan is no longer more vulnerable to fire.
Duvessa misses you.
It was a potion of might.
You feel very mighty all of a sudden.
An adder comes into view.
Dowan gestures wildly while chanting.
Dowan blinks!
Duvessa hits you with a +0 short sword!
You die...

............#.#
.....<......# #
.........#..# .###
.#....#... .. ... .
......#.##. # #.# ..
......#.# ..
####.###.#..#.# ....... .
# #.............# .....
....#.#####.....##.......
...
...e.§.e@................
.#
##...S#####.....##<......
.# #... ####...#.......
.# #.. #.#.#....... ## ##
#.#......... ....
..##........ .....
##)##........ ......
.............. ......
.....##.#.##.#


You could see Duvessa (inflammable), Dowan and an adder.

Vanquished Creatures
  2 sky beasts
  A necrophage (D:5)
  A hound (D:3)
  A bullfrog skeleton (D:4)
  An orc wizard (D:5)
  A killer bee zombie (D:5)
  2 adders (D:4)
  A white imp (D:5)
  3 worms
  3 dart slugs
  5 orcs
  7 ball pythons
  3 bats
  15 endoplasms
  5 giant cockroaches
  4 goblins
  3 hobgoblins
  5 quokkas
  2 frilled lizards
  8 kobolds
  3 rats
76 creatures vanquished.

Vanquished Creatures (collateral kills)
  A foxfire (D:1)
1 creature vanquished.

Vanquished Creatures (others)
  344 foxfires
344 creatures vanquished.

Grand Total: 421 creatures vanquished

Notes
Turn   | Place    | Note
-------+----------+-------------------------------------------
     0 | D:1      | robertstho the Djinni Fire Elementalist began the quest for
                  | the Orb.
     0 | D:1      | Reached XP level 1. HP: 15/15 MP: 0/0
   103 | D:1      | Found a faded altar of an unknown god.
   472 | D:1      | Reached XP level 2. HP: 20/21 MP: 0/0
  1189 | D:1      | Reached skill level 3 in Spellcasting
  1276 | D:1      | Reached XP level 3. HP: 19/26 MP: 0/0
  1276 | D:1      | Learned a level 1 spell: Shock
  2056 | D:2      | Reached skill level 1 in Fighting
  2639 | D:2      | Found a hazy altar of Hepliaklqana.
  2767 | D:2      | Reached XP level 4. HP: 29/32 MP: 0/0
  3356 | D:3      | Found Vapn's Book Shoppe.
  3569 | D:3      | Reached XP level 5. HP: 32/37 MP: 0/0
  3569 | D:3      | Learned a level 2 spell: Static Discharge
  3849 | D:4      | Noticed a sky beast
  3856 | D:4      | Killed a sky beast
  3857 | D:4      | Reached skill level 4 in Spellcasting
  3857 | D:4      | Reached XP level 6. HP: 36/42 MP: 0/0
  5433 | D:5      | Entered Level 5 of the Dungeon
  5706 | D:5      | Noticed a necrophage
  5717 | D:5      | Killed a necrophage
  5718 | D:5      | Reached XP level 7. HP: 28/48 MP: 0/0
  5718 | D:5      | Learned a level 3 spell: Swiftness
  5854 | D:5      | Reached skill level 5 in Spellcasting
  6014 | D:5      | HP: 1/49 [orc (3)]
  6492 | D:5      | Noticed Duvessa
  6497 | D:5      | Noticed Dowan
  6507 | D:5      | HP: 2/49 [Duvessa (5)]
  6510 | D:5      | Mangled by Duvessa

Illustrated notes

Levels and vault maps discovered:
D:1:      psy_arrival_radial02, layout_basic,
          shapermc_ecumenical_altar_flowoftime
D:2:      layout_basic, basic_altar, minmay_door_square
D:3:      layout_basic, serial_shops, shop, minmay_bisected
D:4:      minmay_inner_zag, layout_loops_corners
D:5:      layout_basic, corexii_leaking_fountain, uniq_prince_ribbit1,
          uniq_duvessa

Skill      XL: |  1  2  3  4  5  6  7 |
---------------+----------------------+-----
Spellcasting   | 3 4 5 |  5.3
Fighting       | 1 2 |  2.2
Stealth        | 2 |  2.8
Dodging        | |  2.5

Action                   |  1- 3 |  4- 6 |  7- 9 || total
-------------------------+-------+-------+-------++-------
Melee: Short sword       |       |     9 |     2 ||    11
 Cast: Foxfire           |   107 |   104 |       ||   211
       Scorch            |     2 |     7 |    18 ||    27
  Use: Scroll            |       |     4 |     1 ||     5
       Potion            |       |       |     5 ||     5
 Stab: Sleeping          |       |       |     1 ||     1
Armor: Robe              |     3 |     3 |     8 ||    14
Dodge: Dodged            |     9 |    13 |    14 ||    36

Table legend: (Time is in decaauts)
 A = Elapsed time spent in this place.
 B = Non-inter-level travel time spent in this place.
 C = Inter-level travel time spent in this place.
 D = Time resting spent in this place.
 E = Time spent auto-exploring this place.
 F = Levels seen in this place.
 G = Mean time per level.
                   A        B        C        D        E       F      G
               +--------+--------+--------+--------+--------+-----+--------+
         Total |   6509 |   6456 |     53 |    297 |   5546 |   5 | 1301.8 |
       Dungeon |   6509 |   6456 |     53 |    297 |   5546 |   5 | 1301.8 |
               +--------+--------+--------+--------+--------+-----+--------+

Top non-repeatable levels by time:
     D:1: 1639 daAuts
     D:4: 1589 daAuts
     D:2: 1400 daAuts
     D:5: 1077 daAuts
     D:3: 803 daAuts
